 Dungeon Crawl Stone Soup version 0.31-a0-1009-g454b1f1e0a (webtiles) character file.

Game seed: 12385770562146358239

385 Gumption the Ruffian (level 6, -1/41 (47) HPs)
             Began as a Gnoll Shapeshifter on Nov 16, 2023.
             Was an Initiate of Makhleb.
             Slain by a wight
             ... wielding a +4 great sword of freezing
              (2 damage)
             ... on level 5 of the Dungeon.
             The game lasted 00:29:37 (3926 turns).

Gumption the Ruffian (Gnoll Shapeshifter)           Turns: 3926, Time: 00:29:37

HP:   -1/41 (47)    AC: 17    Str: 15    XL:     6   Next: 77%
MP:   9/9           EV:  8    Int:  9    God:    Makhleb [......]
Gold: 723           SH:  5    Dex: 12    Spells: 9/9 levels left

rFire   . . .        i - +2 dagger (flame)
rCold   . . .        (no shield)
rNeg    . . .        z - +1 chain mail
rPois   .            (no helmet)
rElec   .            h - +0 cloak
rCorr   .            s - +0 pair of gloves
SInv    .            r - +0 pair of boots
Will    .....        E - amulet of reflection Stlth
                     C - +4 ring of protection
HPRegen 0.26/turn    (no ring)
MPRegen 0.11/turn

%: reflection
@: heavily drained
A: fangs 1, strong nose, distributed training
a: Renounce Religion


You were on level 5 of the Dungeon.
You worshipped Makhleb.
Makhleb was noncommittal.
You visited 2 branches of the dungeon, and saw 6 of its levels.

You collected 723 gold pieces.

Inventory:

Hand Weapons
 i - a +2 dagger of flaming (weapon)
Missiles
 v - 3 poisoned darts (quivered)
Armour
 h - a +0 cloak (worn)
 r - a +0 pair of boots (worn)
 s - a +0 pair of gloves (worn)
 z - a +1 chain mail (worn)
Jewellery
 e - an amulet of regeneration
 C - a +4 ring of protection (left hand)
 E - an amulet of reflection (around neck)
Talismans
 c - a beast talisman
 d - a flux talisman
 D - a maw talisman
Wands
 a - a wand of flame (14)
Scrolls
 g - 2 scrolls of revelation
 l - a scroll of butterflies {unknown}
 n - a scroll of brand weapon {unknown}
 p - 2 scrolls of teleportation
 t - a scroll of fear {unknown}
 w - 3 scrolls of enchant armour
 x - a scroll of fog {unknown}
 y - a scroll of silence {unknown}
 A - a scroll of enchant weapon {unknown}
 B - a scroll of amnesia {unknown}
Potions
 b - a potion of lignification
 j - a potion of might
 o - a potion of curing
 u - 4 potions of berserk rage


   Skills:
 + Level 3.3 Fighting
 + Level 2.1 Short Blades
 + Level 2.1 Long Blades
 + Level 2.1 Axes
 + Level 2.1 Maces & Flails
 + Level 2.1 Polearms
 + Level 2.1 Staves
 + Level 2.1 Ranged Weapons
 + Level 2.1 Throwing
 + Level 2.1 Armour
 + Level 5.0 Dodging
 + Level 2.1 Stealth
 + Level 2.1 Shields
 + Level 6.9 Unarmed Combat
 + Level 2.1 Spellcasting
 + Level 1.7 Conjurations
 + Level 1.7 Hexes
 + Level 1.7 Summonings
 + Level 1.7 Necromancy
 + Level 1.7 Translocations
 + Level 1.7 Transmutations
 + Level 1.7 Fire Magic
 + Level 1.7 Ice Magic
 + Level 1.7 Air Magic
 + Level 1.7 Earth Magic
 + Level 1.7 Poison Magic
 + Level 2.3 Invocations
 + Level 2.1 Evocations
 + Level 6.8 Shapeshifting


You had 9 spell levels left.
You didn't know any spells.
Your spell library contained the following spells:

 Spells                   Type           Power      Damage    Failure   Level
 Magic Dart               Conj           16%        1d3       93%         1
 Ensorcelled Hibernation  Hex/Ice        8%         N/A       98%         2
 Jinxbite                 Hex            8%         N/A       98%         2
 Searing Ray              Conj           8%         2d4       98%         2
 Hailstorm                Conj/Ice       4%         3d4       100%        3
 Anguish                  Hex/Necr       2%         N/A       100%        4
 Fulminant Prism          Conj/Hex       2%         3d5       100%        4
 Irradiate                Conj/Tmut      2%         3d12      100%        5
 Chain Lightning          Conj/Air       2%         3d2       100%        9


Dungeon Overview and Level Annotations

Branches:
Dungeon (5/15)             Temple (1/1) D:4

Altars:
Ashenzari
Dithmenos
Fedhas
Gozag
Hepliaklqana
Makhleb
Nemelex Xobeh
Okawaru
Qazlal
Sif Muna
Trog
Vehumet
Wu Jian
Yredelemnul
Zin
The Shining One

Shops:
D:1 ((*[   D:2 [

Annotations:
D:3 2 runed translucent doors, Gynju's ghost, amateur MiFi


Innate Abilities, Weirdness & Mutations

You have very sharp teeth.
Your uncanny sense of smell can sniff out nearby items.
Your experience applies equally to all skills.


Message History

You open the door.
There is an open door here.
Found a scroll of enchant armour.
w - 3 scrolls of enchant armour (gained 1)
You open the door.
There is an open door here.
There is an open door here.
You open the door. You open the door.
There is an open door here.
Found a robe.
You see here a +0 robe.
A wight comes into view.
It is wielding a +4 great sword of freezing and wearing a +2 robe of fire resistance.
A wight comes into view. It is wielding a +0 hand axe.
The wight barely misses you.
You closely miss the wight.
The wight hits you with a +4 great sword of freezing!
You feel drained.
* * * LOW HITPOINT WARNING * * *
The wight freezes you.
* * * LOW HITPOINT WARNING * * *
You hit the wight but do no damage.
The wight hits you with a +4 great sword of freezing!
* * * LOW HITPOINT WARNING * * *
You feel drained.
* * * LOW HITPOINT WARNING * * *
The wight freezes you.
* * * LOW HITPOINT WARNING * * *
You hit the wight but do no damage. The wight completely misses you.
You barely miss the wight. You bite the wight.
The wight is lightly damaged.
You block the wight's attack.
You hit the wight.
The wight is lightly damaged.
The wight hits you with a +4 great sword of freezing.
* * * LOW HITPOINT WARNING * * *
You feel drained.
* * * LOW HITPOINT WARNING * * *
The wight freezes you.
You die...

...+,* #.#
...#,* #.#
...#,* #.#
####,** #.#
**,,,,***** #.#
**∆,,,,,,,* #[#
**,***,,,,* #.#
8*,*
**#..########.#
****
#......zz@..#
***
############# *


You could see 2 wights.

Vanquished Creatures
  Sigmund (D:3)
  An orc wizard (D:4)
  5 adders
  4 gnolls (D:4)
  3 worms
  2 dart slugs
  7 orcs
  6 ball pythons
  8 endoplasms
  6 giant cockroaches
  11 goblins
  9 hobgoblins
  4 jackals (D:3)
  4 quokkas
  8 bats
  3 frilled lizards (D:1)
  11 kobolds
  5 rats
98 creatures vanquished.

Notes
Turn   | Place    | Note
-------+----------+-------------------------------------------
     0 | D:1      | Gumption the Gnoll Shapeshifter began the quest for the
                  | Orb.
     0 | D:1      | Reached XP level 1. HP: 17/17 MP: 1/1
    98 | D:1      | You fall into a shaft and drop 1 floor!
    98 | D:2      | Found a blossoming altar of Fedhas.
   130 | D:1      | Found Judem's Weapon Boutique.
   189 | D:1      | Reached XP level 2. HP: 23/23 MP: 2/2
   238 | D:1      | Found Winonept's General Store.
   250 | D:1      | Found Hulot's Weapon Boutique.
   269 | D:1      | Reached XP level 3. HP: 9/28 MP: 3/3
   374 | D:1      | Found Yfyczam's Antique Armour Emporium.
   721 | D:1      | Reached skill level 1 in Invocations
  1128 | D:2      | Found Uhatuis's Armour Shoppe.
  1176 | D:1      | Reached skill level 1 in Short Blades
  1176 | D:1      | Reached skill level 1 in Long Blades
  1176 | D:1      | Reached skill level 1 in Axes
  1176 | D:1      | Reached skill level 1 in Maces & Flails
  1176 | D:1      | Reached skill level 1 in Polearms
  1176 | D:1      | Reached skill level 1 in Staves
  1176 | D:1      | Reached skill level 1 in Ranged Weapons
  1176 | D:1      | Reached skill level 1 in Throwing
  1176 | D:1      | Reached skill level 1 in Armour
  1176 | D:1      | Reached skill level 1 in Stealth
  1176 | D:1      | Reached skill level 1 in Shields
  1176 | D:1      | Reached skill level 1 in Spellcasting
  1176 | D:1      | Reached skill level 1 in Evocations
  1224 | D:2      | Reached XP level 4. HP: 32/34 MP: 5/5
  1738 | D:3      | Reached skill level 1 in Conjurations
  1738 | D:3      | Reached skill level 1 in Hexes
  1738 | D:3      | Reached skill level 1 in Summonings
  1738 | D:3      | Reached skill level 1 in Necromancy
  1738 | D:3      | Reached skill level 1 in Translocations
  1738 | D:3      | Reached skill level 1 in Transmutations
  1738 | D:3      | Reached skill level 1 in Fire Magic
  1738 | D:3      | Reached skill level 1 in Ice Magic
  1738 | D:3      | Reached skill level 1 in Air Magic
  1738 | D:3      | Reached skill level 1 in Earth Magic
  1738 | D:3      | Reached skill level 1 in Poison Magic
  1803 | D:3      | Found a large runed translucent door.
  1803 | D:3      | Found a large runed translucent door.
  1808 | D:3      | Noticed Gynju's ghost (amateur MiFi)
  2014 | D:3      | Reached XP level 5. HP: 28/40 MP: 5/7
  2305 | D:3      | Noticed Sigmund
  2398 | D:3      | Killed Sigmund
  2399 | D:3      | Reached skill level 5 in Dodging
  2399 | D:3      | Reached XP level 6. HP: 31/47 MP: 7/9
  2747 | D:4      | Identified the "Ofuthr Zimmu"
  2747 | D:4      | Identified the "Dann"
  2747 | D:4      | Identified the "Riubacve"
  2778 | D:4      | Found a staircase to the Ecumenical Temple.
  2834 | Temple   | Entered the Ecumenical Temple
  2884 | Temple   | Became a worshipper of Makhleb the Destroyer
  3057 | D:4      | Found a glowing golden altar of the Shining One.
  3087 | D:4      | Found an opulent altar of Gozag.
  3235 | D:4      | Found a shimmering blue altar of Sif Muna.
  3529 | D:5      | Identified the "Dorux"
  3529 | D:5      | Entered Level 5 of the Dungeon
  3750 | D:5      | Identified a scroll of acquirement
  3751 | D:5      | Acquired 447 gold pieces
  3926 | D:5      | HP: 2/43 [wight/+4 great sword of freezing (4)]
  3926 | D:5      | Slain by a wight

Illustrated notes

Levels and vault maps discovered:
D:1:      dpeg_cavernosity, layout_basic, serial_shops, nicolae_shop_waterfront,
          shop, shop, nicolae_shop_tiny_waterfront
D:2:      layout_rooms, basic_altar, serial_shops, nicolae_square_shop
D:3:      layout_loops_cross, ebering_ghost_disaster_area,
          kennysheep_generic_room_12, uniq_sigmund
D:4:      layout_basic, grunt_temple_overflow_open,
          nicolae_sif_muna_little_library, minmay_temple_entry_glass
D:5:      layout_basic, nicolae_overflow_hidden_temple
Temple:   minmay_temple_bridge_abc

Skill      XL: |  1  2  3  4  5 |
---------------+----------------+-----
Invocations    | 1 2 |  2.3
Short Blades   | 1 2 |  2.1
Long Blades    | 1 2 |  2.1
Axes           | 1 2 |  2.1
Maces & Flails | 1 2 |  2.1
Polearms       | 1 2 |  2.1
Staves         | 1 2 |  2.1
Ranged Weapons | 1 2 |  2.1
Throwing       | 1 2 |  2.1
Armour         | 1 2 |  2.1
Stealth        | 1 2 |  2.1
Shields        | 1 2 |  2.1
Spellcasting   | 1 2 |  2.1
Evocations     | 1 2 |  2.1
Conjurations   | 1 |  1.7
Hexes          | 1 |  1.7
Summonings     | 1 |  1.7
Necromancy     | 1 |  1.7
Translocations | 1 |  1.7
Transmutations | 1 |  1.7
Fire Magic     | 1 |  1.7
Ice Magic      | 1 |  1.7
Air Magic      | 1 |  1.7
Earth Magic    | 1 |  1.7
Poison Magic   | 1 |  1.7
Fighting       | 3 |  3.3
Dodging        | 5 |  5.0
Unarmed Combat | |  6.9
Shapeshifting  | |  6.8

Action                     |  1- 3 |  4- 6 || total
---------------------------+-------+-------++-------
  Melee: Unarmed           |    78 |     9 ||    87
         Bite              |     6 |    19 ||    25
         Punch             |     1 |     6 ||     7
         Dagger            |       |   135 ||   135
Ability: Begin Untransform |     1 |     2 ||     3
  Evoke: Wand              |       |     2 ||     2
    Use: Scroll            |       |    10 ||    10
   Stab: Sleeping          |     1 |       ||     1
 Armour: Animal skin       |    33 |    30 ||    63
         Ring mail         |       |    29 ||    29
         Chain mail        |       |    11 ||    11
  Dodge: Dodged            |    56 |    65 ||   121
  Block: Other             |       |     1 ||     1
   Form: Flux              |     1 |       ||     1
         Beast             |       |     1 ||     1

Table legend: (Time is in decaauts)
 A = Elapsed time spent in this place.
 B = Non-inter-level travel time spent in this place.
 C = Inter-level travel time spent in this place.
 D = Time resting spent in this place.
 E = Time spent auto-exploring this place.
 F = Levels seen in this place.
 G = Mean time per level.
                   A        B        C        D        E       F      G
               +--------+--------+--------+--------+--------+-----+--------+
         Total |   3907 |   3907 |      0 |    326 |   1573 |   6 |  651.2 |
       Dungeon |   3836 |   3836 |      0 |    326 |   1573 |   5 |  767.2 |
        Temple |     70 |     70 |      0 |      0 |      0 |   1 |   70.0 |
               +--------+--------+--------+--------+--------+-----+--------+

Top non-repeatable levels by time:
     D:1: 1145 daAuts
     D:3: 1007 daAuts
     D:4: 789 daAuts
     D:2: 579 daAuts
     D:5: 314 daAuts
  Temple: 70 daAuts
